Map: [ESL] Dynasty

Players

ByuN - Winner!

  • Race: Terran Terran
  • Spawn Location: 1:00

trigger

  • Race: Protoss Protoss
  • Spawn Location: 7:00

Event: ESL Spring 2024 Finals

VOD

Have the link to the VOD?

Description

Time

  • Played on: June 1, 2024, 10:14 a.m.
  • Length: 8:36

All games in this series

Show
View Real Time Build Order
Export as new Build Order

ByuN Terran - Winner!

Build Orders: Gas First Reaper Expand, Banshee Rush 

Get SALT Encoding   

  12  0:00  SCV  
  13  0:12  SCV  
  14  0:17  Supply Depot  
  14  0:24  SCV  
  14  0:27  Refinery  
  15  0:39  SCV  
  16  0:43  Barracks  
  16  0:51  SCV  
  17  1:03  SCV  
  18  1:15  SCV  
  19  1:30  Orbital Command, Reaper  
  20  1:41  Command Center  
  20  1:51  Factory  
  20  1:55  SCV  
  20  2:00  Refinery  
  21  2:04  Barracks Reactor  
  21  2:08  SCV  
  22  2:12  Supply Depot  
  22  2:20  SCV  
  23  2:33  SCV  
  24  2:37  Starport  
  24  2:44  Hellion x2  
  24  2:45  SCV  
  24  2:50  Barracks Tech Lab  
  29  2:54  Orbital Command  
  29  2:57  SCV  
  30  3:06  Hellion  
  30  3:08  Hellion  
  30  3:10  SCV  
  35  3:22  SCV  
  36  3:28  SCV  
  36  3:30  Cloaking Field, Banshee  
  40  3:34  SCV  
  40  3:35  Factory Tech Lab  
  40  3:36  Marine x2  
  40  3:38  Supply Depot  
  41  3:43  SCV  
  41  3:46  SCV  
  43  3:53  Marine  
  43  3:54  Marine  
  43  3:55  SCV  
  46  4:00  Supply Depot, SCV, Barracks  
  47  4:04  Siege Tank  
  47  4:07  SCV  
  51  4:12  SCV  
  52  4:19  Supply Depot, SCV  
  52  4:21  Refinery  
  52  4:22  Banshee  
  57  4:24  SCV  
  57  4:25  Marine x2  
  57  4:28  Supply Depot  
  57  4:30  Barracks  
  59  4:34  SCV  
  59  4:36  SCV  
  61  4:41  Siege Tank  
  61  4:42  Supply Depot  
  64  4:46  SCV  
  64  4:48  SCV  
  64  4:49  Marine  
  64  4:50  Barracks Tech Lab  
  67  4:58  SCV  
  67  4:59  Engineering Bay  
  68  5:00  SCV  
  69  5:11  Marine x2  
  69  5:12  Marine, Stimpack  
  69  5:13  Siege Tank  
  74  5:17  Barracks  
  74  5:20  SCV x2  
  74  5:21  Barracks  
  74  5:22  Starport Reactor  
  74  5:23  Supply Depot  
  74  5:24  Barracks Tech Lab  
  74  5:26  Supply Depot  
  74  5:28  Marine  
  74  5:29  Marine  
  74  5:31  Terran Infantry Weapons Level 1  
  76  5:38  Combat Shield, Marine  
  76  5:39  Marine  
  76  5:40  Supply Depot  
  78  5:48  Marine  
  79  5:50  Marine  
  79  5:52  Siege Tank  
  79  5:56  Marine  
  79  5:57  Marine  
  84  6:04  Supply Depot  
  85  6:05  Marine  
  85  6:08  Marine  
  85  6:09  Marine x2  
  89  6:13  Marine  
  89  6:14  Marine  
  91  6:21  Medivac x2  
  91  6:23  Marine  
  94  6:25  Marine  
  94  6:27  Marine x2  
  94  6:31  Siege Tank, Marine  
  94  6:32  Marine  
  101  6:33  Supply Depot  
  102  6:41  Marine  
  102  6:43  Marine  
  102  6:44  Marine  
  102  6:45  Marine  
  103  6:49  Marine  
  103  6:50  Marine  
  105  6:59  Marine  
  93  7:01  Marine  
  93  7:03  Siege Tank, Marine x2  
  93  7:07  Marine  
  93  7:08  Marine  
  100  7:12  Missile Turret  
  100  7:14  Missile Turret  
  93  7:17  Marine  
  93  7:19  Marine  
  93  7:21  Marine x2  
  95  7:25  Marine  
  95  7:29  Marine, Command Center  
  97  7:34  Medivac  
  97  7:35  Siege Tank, Marine  
  97  7:37  Marine  
  103  7:39  Marine x2  
  103  7:42  Marine  
  107  7:47  Marine  
  108  7:52  Marine  
  108  7:54  Marine  
  108  7:56  Marine x2  
  108  7:57  Medivac  
  112  8:00  Marine  
  112  8:03  Supply Depot  
  112  8:04  Marine, Medivac  
  116  8:10  Marine  
  116  8:12  Marine  
Show
View Real Time Build Order
Export as new Build Order

trigger Protoss 

Build Orders: 1 Gate Expand, Blink Stalkers 

Get SALT Encoding   

  12  0:00  Probe  
  13  0:12  Probe  
  14  0:17  Pylon  
  14  0:24  Probe (Chrono Boost)  
  16  0:36  Gateway  
  16  0:37  Probe (Chrono Boost)  
  16  0:42  Probe (Chrono Boost)  
  16  0:45  Assimilator  
  17  0:51  Probe  
  18  1:03  Probe  
  19  1:15  Probe  
  20  1:22  Nexus  
  20  1:31  Cybernetics Core  
  20  1:38  Assimilator  
  20  1:39  Probe  
  21  1:49  Pylon  
  21  1:51  Probe  
  22  2:03  Probe  
  22  2:04  Adept (Chrono Boost)  
  22  2:08  Warp Gate (Chrono Boost)  
  25  2:15  Probe  
  25  2:22  Twilight Council  
  26  2:25  Shield Battery  
  26  2:27  Probe  
  26  2:29  Stalker (Chrono Boost)  
  27  2:36  Probe  
  30  2:42  Probe  
  31  2:50  Probe  
  32  2:52  Blink (Chrono Boost)  
  32  2:57  Probe  
  33  3:04  Probe  
  33  3:09  Gateway, Probe  
  34  3:16  Probe  
  35  3:23  Probe  
  34  3:28  Pylon  
  34  3:30  Probe  
  34  3:33  Robotics Facility  
  35  3:35  Probe  
  35  3:40  Nexus  
  36  3:48  Pylon  
  36  3:51  Stalker  
  38  3:58  Probe  
  39  4:03  Probe  
  39  4:04  Stalker  
  42  4:16  Stalker  
  44  4:18  Probe x2  
  44  4:20  Observer  
  47  4:30  Probe  
  48  4:35  Stalker  
  48  4:38  Probe  
  51  4:39  Assimilator  
  51  4:41  Stalker  
  51  4:42  Observer, Probe  
  55  4:50  Probe (Chrono Boost)  
  56  4:56  Probe (Chrono Boost)  
  56  4:59  Forge  
  57  5:02  Probe x2 (Chrono Boost)  
  57  5:05  Probe (Chrono Boost)  
  58  5:08  Probe (Chrono Boost)  
  58  5:09  Probe (Chrono Boost)  
  58  5:10  Probe (Chrono Boost)  
  61  5:17  Pylon  
  61  5:18  Gateway  
  61  5:19  Gateway  
  61  5:20  Probe (Chrono Boost)  
  61  5:21  Charge  
  63  5:23  Probe (Chrono Boost)  
  63  5:25  Probe (Chrono Boost)  
  64  5:31  Probe (Chrono Boost), Protoss Ground Weapons Level 1  
  64  5:32  Gateway, Probe (Chrono Boost)  
  66  5:36  Gateway  
  66  5:43  Immortal  
  66  5:45  Pylon  
  66  5:49  Stalker  
  67  5:50  Stalker  
  69  6:03  Shield Battery  
  69  6:08  Pylon  
  69  6:10  Pylon  
  69  6:16  Stalker x3  
  75  6:23  Pylon  
  74  6:28  Stalker  
  74  6:29  Probe x2  
  77  6:43  Stalker x3  
  67  7:01  Stalker  
  67  7:08  Stalker x4  
  67  7:24  Warp Prism (Chrono Boost)  
  67  7:26  Zealot x2  
  71  7:31  Stalker x2  
  74  7:39  Zealot x2  
  72  7:56  Zealot x2  
  72  7:57  Zealot  
  78  8:04  Zealot, Sentry  
  82  8:21  Pylon  
  82  8:23  Pylon  
  82  8:24  Pylon  
  82  8:31  Zealot x3, Nexus  
Tags
 
Add a new tag
Caveats
  • Supply blocks, unpowered buildings, or Contaminate may cause inaccurate times.
  • Supply counts are checked every 10 seconds.